 Dungeon Crawl Stone Soup version 0.19.0-20-gbc5f0c6 (webtiles) character file.

616 CountDeLaPain the Shield-Bearer (level 7, -3/46 HPs)
             Began as a Halfling Fighter on Nov 18, 2016.
             Slain by an ice beast (14 damage)
             ... on level 5 of the Dungeon.
             The game lasted 00:10:10 (4023 turns).

CountDeLaPain the Shield-Bearer (Halfling Fighter)  Turns: 4023, Time: 00:10:10

Health: -3/46      AC: 11    Str: 17    XL:     7   Next: 73%
Magic:  7/7        EV:  8    Int:  8    God:
Gold:   213        SH: 10    Dex: 14    Spells: 0 memorised, 6 levels left

rFire  . . .     SeeInvis .     a - +1 long sword
rCold  . . .     Gourm    .     r - +0 chain mail
rNeg   . . .     Faith    .     c - +0 shield
rPois  .         Spirit   .     (no helmet)
rElec  .         Reflect  .     (no cloak)
rCorr  .         Harm     .     (no gloves)
MR     .....                    n - +0 pair of boots
Stlth  ..........               (no amulet)
                                C - ring of wizardry
                                s - ring of stealth

@: no status effects
A: mutation resistance 1
a: no special abilities


You were on level 5 of the Dungeon.
You were not hungry.

You visited 1 branch of the dungeon, and saw 5 of its levels.

You collected 213 gold pieces.

Inventory:

Hand Weapons
 a - a +1 long sword (weapon)
Armour
 b - a +0 scale mail
 c - a +0 shield (worn)
 n - a +0 pair of boots (worn)
 r - a +0 chain mail (worn)
Jewellery
 s - a ring of stealth (left hand)
 B - an uncursed ring of ice
 C - a ring of wizardry (right hand)
Wands
 t - a wand of digging (24/24)
Scrolls
 d - a scroll of identify
 e - a scroll of enchant weapon
 i - a scroll of noise {unknown}
 j - a scroll of immolation {unknown}
 k - 2 scrolls of teleportation {unknown}
 p - 3 scrolls of magic mapping
 v - 2 scrolls of fear
 x - a scroll of amnesia {unknown}
 y - a scroll of remove curse
Potions
 h - 2 potions of agility
 l - a potion of degeneration {unknown}
 m - a potion of flight {unknown}
 q - a potion of ambrosia {unknown}
 u - 2 potions of haste
 w - 2 potions of lignification {unknown}
 z - a potion of mutation {unknown}
Comestibles
 f - 4 bread rations
 g - 6 chunks of flesh
 A - a slice of pizza


   Skills:
 + Level 3.4 Fighting
 + Level 5.0 Long Blades
 + Level 5.1 Armour
 + Level 2.1 Dodging
 + Level 5.4 Shields


You had 6 spell levels left.
You didn't know any spells.

Dungeon Overview and Level Annotations

Branches:
Dungeon (5/15)
 Temple: D:4-7

Altars:
Trog
Vehumet

Shops:
D:4 %

Annotations:
D:5 Eustachio


Innate Abilities, Weirdness & Mutations

You are small and have problems with some larger weapons.
You are somewhat resistant to further mutation.


Message History

You hit the ice beast.
The ice beast is moderately wounded.
The ice beast hits you but does no damage.
You slash the ice beast!
The ice beast is heavily wounded.
The ice beast hits you but does no damage.
You closely miss the ice beast.
The ice beast is heavily wounded.
The ice beast hits you but does no damage.
The ice beast hits you. The ice beast freezes you!
* * * LOW HITPOINT WARNING * * *
You slash the ice beast!
The ice beast is almost dead.
The ice beast hits you but does no damage.
You closely miss the ice beast.
The ice beast is almost dead.
The ice beast hits you.
* * * LOW HITPOINT WARNING * * *
The ice beast freezes you!
You die...

########
########......######
..............Y@...#
.......#......######
###....#...........
...#####.....>#####
.. #......# .
#......# .###......#
#......#.########
#................


You could see an ice beast.

Vanquished Creatures
  An ogre (D:4)
  A scorpion (D:4)
  An orc priest (D:4)
  A hound (D:4)
  6 orc wizards
  An iguana (D:4)
  A worker ant (D:5)
  A hound zombie (D:5)
  A hound skeleton (D:5)
  2 gnolls (D:5)
  5 adders
  An adder skeleton (D:4)
  3 worms
  4 dart slugs (D:2)
  5 leopard geckos
  17 orcs
  4 giant cockroaches
  7 hobgoblins
  6 jackals (D:3)
  2 quokkas
  A ball python (D:1)
  7 bats
  2 frilled lizards
  8 goblins
  9 kobolds
  6 rats
103 creatures vanquished.

Notes
Turn   | Place    | Note
-------+----------+-------------------------------------------
     0 | D:1      | CountDeLaPain the Halfling Fighter began the quest for the Orb.
     0 | D:1      | Reached XP level 1. HP: 15/15 MP: 1/1
   165 | D:1      | Reached XP level 2. HP: 20/20 MP: 2/2
   863 | D:2      | Reached XP level 3. HP: 25/25 MP: 3/3
  1295 | D:2      | Reached XP level 4. HP: 30/30 MP: 4/4
  1325 | D:2      | You fall through a shaft!
  1365 | D:3      | Reached skill level 1 in Dodging
  1586 | D:3      | Reached XP level 5. HP: 27/36 MP: 5/5
  1731 | D:3      | Found a radiant altar of Vehumet.
  2224 | D:2      | Found a bloodstained altar of Trog.
  2640 | D:4      | Noticed an ogre
  2649 | D:4      | Reached XP level 6. HP: 26/42 MP: 6/6
  2652 | D:4      | Killed an ogre
  3027 | D:4      | Reached XP level 7. HP: 43/46 MP: 7/7
  3207 | D:4      | Reached skill level 5 in Shields
  3516 | D:4      | Reached skill level 5 in Armour
  3570 | D:4      | Found Jeustries's Food Shoppe.
  3744 | D:5      | Entered Level 5 of the Dungeon
  3744 | D:5      | Noticed Eustachio
  4002 | D:5      | Reached skill level 5 in Long Blades
  4023 | D:5      | Slain by an ice beast

Skill      XL: |  1  2  3  4  5  6  7 |
---------------+----------------------+-----
Shields        | 4 5 |  5.4
Dodging        | 1 2 |  2.1
Long Blades    | 3 4 5 |  5.0
Fighting       | 3 |  3.4
Armour         | 4 5 |  5.1

Action                   |  1- 3 |  4- 6 |  7- 9 || total
-------------------------+-------+-------+-------++-------
Melee: Long sword        |    84 |   151 |   147 ||   382
  Use: Scroll            |     1 |     3 |     4 ||     8
       Potion            |       |     6 |       ||     6
  Eat: Chunk             |     1 |     6 |     4 ||    11
Armor: Scale mail        |    38 |    78 |    12 ||   128
       Chain mail        |       |       |    58 ||    58
Dodge: Dodged            |    44 |   114 |    50 ||   208
Block: Shield            |    54 |   130 |    72 ||   256
       Rpst.: Long sword |    11 |    38 |    11 ||    60
